 Dungeon Crawl Stone Soup version 0.23.2-1-ga50397a (webtiles) character file.

Game seed: 344869406089937798

87 xveg the Vandal (level 4, -1/30 HPs)
             Began as a Halfling Hunter on May 9, 2019.
             Killed by divine providence
             ... invoked by an orc priest
              (14 damage)
             ... on level 3 of the Dungeon.
             The game lasted 00:01:48 (1543 turns).

xveg the Vandal (Halfling Hunter)                   Turns: 1543, Time: 00:01:49

Health: -1/30      AC:  6    Str: 14    XL:     4   Next: 80%
Magic:  4/4        EV: 11    Int:  9    God:
Gold:   85         SH:  9    Dex: 14    Spells: 3/3 levels left

rFire    . . .     SeeInvis .   a - +1 hunting sling
rCold    . . .     Gourm    .   q - +2 shield {AC+3}
rNeg     . . .     Faith    .   c - +0 leather armour
rPois    .         Spirit   .   (no helmet)
rElec    .         Reflect  .   (no cloak)
rCorr    .         Harm     .   (no gloves)
MR       .....                  (no boots)
Stlth    +.........             (no amulet)
HPRegen  0.10/turn              (no ring)
MPRegen  0.09/turn              (no ring)

@: no status effects
A: small, mutation resistance 1
a: no special abilities


You were on level 3 of the Dungeon.
You were hungry.

You visited 1 branch of the dungeon, and saw 3 of its levels.

You collected 85 gold pieces.

Inventory:

Hand Weapons
 a - a +1 hunting sling (weapon)
 b - a +0 short sword
Missiles
 l - 27 stones (quivered)
Armour
 c - a +0 leather armour (worn)
 q - a +2 shield of protection (worn)
Wands
 n - a wand of disintegration (15)
Scrolls
 e - a scroll of blinking {unknown}
 g - 3 scrolls of magic mapping {unknown}
 h - 3 scrolls of identify {unknown}
 i - a scroll of fear {unknown}
 j - a scroll of amnesia {unknown}
 k - a scroll of teleportation {unknown}
 o - a scroll of remove curse {unknown}
Potions
 m - a potion of flight {unknown}
 p - a potion of resistance {unknown}
Comestibles
 f - a ration


   Skills:
 - Level 2.3 Fighting
 * Level 7.9 Slings
 * Level 0.3 Armour
 + Level 2.3 Dodging
 + Level 1.1 Stealth


You had 3 spell levels left.
You didn't know any spells.
Your spell library was empty.

Dungeon Overview and Level Annotations

Branches:
Dungeon (3/15)

Altars:
Hepliaklqana


Innate Abilities, Weirdness & Mutations

You are small and have problems with some larger weapons.
You are somewhat resistant to further mutation.


Message History

There are monsters nearby!
You are too injured to fight recklessly!
There are monsters nearby!
You are too injured to fight recklessly!
There are monsters nearby!
You are too injured to fight recklessly!
There are monsters nearby!
You are too injured to fight recklessly!
There are monsters nearby!
You are too injured to fight recklessly!
You are too injured to fight recklessly!
Firing (i - inventory)
l - 28 stones (quivered)
Press: ? - help, Shift-Dir - straight line, f/p - orc priest
Aim: an orc priest (heavily wounded)
You shoot a stone. The stone hits the orc priest.
The orc priest is heavily wounded.
The kobold closely misses you.
The orc priest invokes the aid of Beogh against you.
Beogh smites you!
You die...

#.#. ##.#.# #
#....# .. #....#
(# ####....####(.
##>......()((
.........Ko###.#
#.......@.....#
###..........#
#....#####...
#....#####...
####........
#...#####.#
#.........#
#<.########
#############...##


You could see an orc priest and a kobold.

Vanquished Creatures
  A hound (D:2)
  A dart slug (D:1)
  An orc (D:3)
  9 bats
  3 giant cockroaches
  5 goblins
  3 hobgoblins (D:2)
  11 jackals
  5 kobolds
  5 frilled lizards
  7 rats
51 creatures vanquished.

Notes
Turn   | Place    | Note
-------+----------+-------------------------------------------
     0 | D:1      | xveg the Halfling Hunter began the quest for the Orb.
     0 | D:1      | Reached XP level 1. HP: 14/14 MP: 1/1
    91 | D:1      | Reached skill level 6 in Slings
    97 | D:1      | Reached XP level 2. HP: 19/19 MP: 2/2
   176 | D:1      | Reached XP level 3. HP: 24/24 MP: 3/3
   246 | D:1      | Reached skill level 7 in Slings
   866 | D:2      | Reached XP level 4. HP: 29/29 MP: 4/4
  1138 | D:2      | Found a hazy altar of Hepliaklqana.
  1543 | D:3      | Killed from afar by an orc priest

Skill      XL: |  1  2  3 |
---------------+----------+-----
Slings         | 6 7 |  7.9
Fighting       | 2 |  2.3
Armour         | |  0.3
Dodging        | |  2.3
Stealth        | |  1.1

Action                   |  1- 3 |  4- 6 || total
-------------------------+-------+-------++-------
 Fire: Hunting sling     |   100 |    27 ||   127
  Eat: Chunk             |       |     1 ||     1
Armor: Leather armour    |     5 |       ||     5
Dodge: Dodged            |    32 |     4 ||    36
Block: Shield            |       |     3 ||     3
